[ PARTIDA AOE2 · #493898140 ]
UnrankedBritanos vs Japanese
Equipo del jugador · DERR
Equipo rival · VICT
[ ANÁLISIS DE REPETICIÓN · EXTRAÍDO DE LA PARTIDA GRABADA ]
Feudal
8:55
Castillos
31:56
Imperial
—
| APM promedio | 47.0 |
| APM pico | 70 |
| eAPM promedio | 25.4 |
| Aldeanos / militares | 72 / 55 |
Foco
⚔️ 38.7% · 🌾 61.3%
Archer ×49 · Scout Cavalry ×5 · Skirmisher ×1
Feudal
8:55
Castillos
29:27
Imperial
—
| APM promedio | 57.2 |
| APM pico | 96 |
| eAPM promedio | 23.1 |
| Aldeanos / militares | 96 / 54 |
Foco
⚔️ 31.0% · 🌾 69.0%
Knight ×23 · Militia ×18 · Skirmisher ×11 · Archer ×2
Mapa de la partida
Recursos iniciales + cada clic de construcción. Líneas = muros · curvas = relieve. ◆ oro · ⬟ piedra · ● bayas · ✦ reliquia · ◌ hueco del cierre
Tu base· Abierta — el rival se encerró
Base de 酒后帝国· ✓ Cerrada en 29:27 · 21t muro · sin puerta
Terreno inicial suavizado · ◌ = hueco del cierre detectado · pasá el cursor para detalles
Inputs por minuto
— HR | Nasho9 - - 酒后帝国
Build order — HR | Nasho9
Primeras 150 de 187 acciones detectadas
| 0:01 | Crear | Villager (Male) |
| 0:02 | Construir | House |
| 0:03 | Construir | House |
| 0:09 | Crear | Villager (Male) |
| 0:11 | Crear | Villager (Male) |
| 0:13 | Crear | Villager (Male) |
| 1:16 | Crear | Villager (Male) |
| 1:16 | Crear | Villager (Male) |
| 1:43 | Crear | Villager (Male) |
| 1:43 | Crear | Villager (Male) |
| 1:56 | Crear | Villager (Male) |
| 1:56 | Crear | Villager (Male) |
| 2:23 | Construir | Lumber Camp |
| 2:33 | Crear | Villager (Male) |
| 2:33 | Crear | Villager (Male) |
| 2:46 | Crear | Villager (Male) |
| 3:07 | Crear | Villager (Male) |
| 3:07 | Crear | Villager (Male) |
| 3:13 | Crear | Villager (Male) |
| 3:14 | Crear | Villager (Male) |
| 3:51 | Construir | House |
| 3:53 | Crear | Villager (Male) |
| 3:54 | Crear | Villager (Male) |
| 3:54 | Crear | Villager (Male) |
| 4:15 | Crear | Villager (Male) |
| 4:16 | Crear | Villager (Male) |
| 4:22 | Construir | House |
| 4:41 | Crear | Villager (Male) |
| 4:41 | Crear | Villager (Male) |
| 4:41 | Crear | Villager (Male) |
| 5:00 | Crear | Villager (Male) |
| 5:00 | Crear | Villager (Male) |
| 5:16 | Crear | Villager (Male) |
| 5:16 | Crear | Villager (Male) |
| 5:35 | Investigar | Loom |
| 5:50 | Construir | Mining Camp |
| 5:54 | Crear | Villager (Male) |
| 6:17 | Crear | Villager (Male) |
| 6:45 | Investigar | Feudal Age |
| 6:45 | Investigar | Feudal Age |
| 7:14 | Construir | Barracks |
| 7:19 | Crear | Villager (Male) |
| 7:40 | Construir | Palisade Wall |
| 7:56 | Construir | Palisade Wall |
| 8:00 | Construir | Palisade Wall |
| 8:31 | Construir | House |
| 8:52 | Construir | House |
| 8:55 | Crear | Villager (Male) |
| 8:55 | Edad | Edad Feudal |
| 9:06 | Construir | Archery Range |
| 9:17 | Investigar | Double-Bit Axe |
| 9:18 | Investigar | Double-Bit Axe |
| 9:32 | Construir | House |
| 9:42 | Crear | Villager (Male) |
| 9:42 | Crear | Villager (Male) |
| 9:58 | Construir | Blacksmith |
| 10:01 | Crear | Archer |
| 10:17 | Crear | Archer |
| 10:17 | Crear | Archer |
| 10:26 | Construir | Watch Tower |
| 10:44 | Construir | House |
| 10:51 | Crear | Archer |
| 11:04 | Construir | Watch Tower |
| 11:05 | Crear | Villager (Male) |
| 11:05 | Crear | Villager (Male) |
| 11:09 | Construir | House |
| 11:13 | Crear | Archer |
| 12:17 | Crear | Archer |
| 12:40 | Investigar | Fletching |
| 12:40 | Crear | Villager (Male) |
| 12:41 | Crear | Villager (Male) |
| 12:59 | Crear | Villager (Male) |
| 12:59 | Crear | Villager (Male) |
| 13:17 | Crear | Villager (Male) |
| 13:17 | Crear | Villager (Male) |
| 13:39 | Crear | Archer |
| 13:59 | Crear | Villager (Male) |
| 14:00 | Crear | Villager (Male) |
| 14:00 | Crear | Villager (Male) |
| 14:30 | Crear | Villager (Male) |
| 14:30 | Crear | Villager (Male) |
| 14:57 | Construir | Mining Camp |
| 15:08 | Crear | Skirmisher |
| 15:34 | Crear | Villager (Male) |
| 16:38 | Construir | Mill |
| 17:06 | Crear | Archer |
| 17:06 | Crear | Archer |
| 17:23 | Crear | Archer |
| 17:23 | Crear | Archer |
| 18:18 | Crear | Archer |
| 18:19 | Crear | Archer |
| 18:26 | Construir | Farm |
| 18:32 | Crear | Archer |
| 18:50 | Construir | Farm |
| 18:51 | Construir | Farm |
| 19:46 | Crear | Villager (Male) |
| 19:47 | Crear | Villager (Male) |
| 19:47 | Crear | Villager (Male) |
| 19:48 | Crear | Archer |
| 19:52 | Construir | Market |
| 19:54 | Crear | Archer |
| 20:04 | Construir | Lumber Camp |
| 20:30 | Construir | Farm |
| 20:30 | Crear | Villager (Male) |
| 20:47 | Crear | Archer |
| 20:52 | Construir | Farm |
| 21:04 | Crear | Archer |
| 21:20 | Crear | Archer |
| 21:29 | Crear | Archer |
| 21:30 | Construir | Farm |
| 21:31 | Crear | Villager (Male) |
| 21:35 | Construir | Farm |
| 21:36 | Construir | Farm |
| 21:37 | Construir | Farm |
| 21:38 | Crear | Villager (Male) |
| 21:41 | Crear | Archer |
| 21:46 | Construir | Archery Range |
| 21:48 | Crear | Archer |
| 21:58 | Construir | Farm |
| 21:58 | Crear | Villager (Male) |
| 22:15 | Crear | Archer |
| 22:15 | Crear | Archer |
| 22:15 | Crear | Archer |
| 22:22 | Construir | House |
| 22:27 | Crear | Villager (Male) |
| 22:29 | Crear | Archer |
| 22:30 | Crear | Archer |
| 22:47 | Crear | Villager (Male) |
| 22:48 | Crear | Villager (Male) |
| 22:48 | Crear | Villager (Male) |
| 23:02 | Crear | Archer |
| 23:02 | Crear | Archer |
| 23:27 | Crear | Villager (Male) |
| 23:38 | Crear | Archer |
| 23:39 | Crear | Archer |
| 24:01 | Crear | Archer |
| 24:02 | Crear | Archer |
| 24:06 | Construir | Archery Range |
| 24:09 | Crear | Villager (Male) |
| 24:13 | Crear | Archer |
| 24:27 | Construir | Stable |
| 24:39 | Crear | Villager (Male) |
| 24:44 | Crear | Villager (Male) |
| 24:50 | Construir | Farm |
| 25:06 | Crear | Archer |
| 25:10 | Crear | Archer |
| 25:10 | Crear | Archer |
| 25:12 | Crear | Scout Cavalry |
| 25:13 | Crear | Scout Cavalry |
| 25:15 | Construir | House |
Build order — 酒后帝国
Primeras 150 de 267 acciones detectadas
| 0:01 | Crear | Villager (Male) |
| 0:02 | Crear | Villager (Male) |
| 0:02 | Crear | Villager (Male) |
| 0:03 | Construir | House |
| 0:04 | Construir | House |
| 0:10 | Crear | Villager (Male) |
| 0:10 | Crear | Villager (Male) |
| 1:26 | Crear | Villager (Male) |
| 1:26 | Crear | Villager (Male) |
| 2:00 | Crear | Villager (Male) |
| 2:00 | Crear | Villager (Male) |
| 2:15 | Crear | Villager (Male) |
| 2:16 | Crear | Villager (Male) |
| 2:42 | Construir | Lumber Camp |
| 2:49 | Crear | Villager (Male) |
| 2:50 | Crear | Villager (Male) |
| 3:07 | Construir | House |
| 3:13 | Crear | Villager (Male) |
| 3:13 | Crear | Villager (Male) |
| 3:39 | Crear | Villager (Male) |
| 3:39 | Crear | Villager (Male) |
| 4:01 | Crear | Villager (Male) |
| 4:01 | Crear | Villager (Male) |
| 4:13 | Crear | Villager (Male) |
| 4:13 | Crear | Villager (Male) |
| 4:49 | Crear | Villager (Male) |
| 4:49 | Crear | Villager (Male) |
| 5:11 | Construir | Barracks |
| 5:16 | Crear | Villager (Male) |
| 5:16 | Crear | Villager (Male) |
| 5:40 | Crear | Villager (Male) |
| 5:41 | Crear | Villager (Male) |
| 5:41 | Crear | Villager (Male) |
| 5:45 | Crear | Villager (Male) |
| 6:01 | Construir | House |
| 6:05 | Investigar | Loom |
| 6:05 | Investigar | Loom |
| 6:24 | Construir | Mining Camp |
| 6:45 | Investigar | Feudal Age |
| 6:46 | Investigar | Feudal Age |
| 6:46 | Investigar | Feudal Age |
| 6:56 | Crear | Militia |
| 6:56 | Crear | Militia |
| 7:15 | Crear | Militia |
| 7:15 | Crear | Militia |
| 7:28 | Construir | Mill |
| 7:33 | Crear | Militia |
| 7:34 | Crear | Militia |
| 8:55 | Edad | Edad Feudal |
| 8:57 | Investigar | Man-at-Arms (upgrade) |
| 8:58 | Investigar | Man-at-Arms (upgrade) |
| 8:58 | Crear | Villager (Male) |
| 8:58 | Crear | Villager (Male) |
| 9:08 | Crear | Villager (Male) |
| 9:08 | Crear | Villager (Male) |
| 9:17 | Construir | House |
| 9:21 | Construir | Stone Wall |
| 9:31 | Crear | Villager (Male) |
| 9:34 | Construir | Mining Camp |
| 9:49 | Construir | Watch Tower |
| 9:54 | Crear | Villager (Male) |
| 9:54 | Crear | Villager (Male) |
| 10:37 | Crear | Villager (Male) |
| 10:37 | Crear | Villager (Male) |
| 10:37 | Crear | Villager (Male) |
| 11:10 | Crear | Villager (Male) |
| 11:10 | Crear | Villager (Male) |
| 11:26 | Investigar | Double-Bit Axe |
| 11:26 | Investigar | Double-Bit Axe |
| 11:27 | Crear | Villager (Male) |
| 11:27 | Crear | Villager (Male) |
| 11:27 | Crear | Villager (Male) |
| 11:56 | Crear | Villager (Male) |
| 11:56 | Crear | Villager (Male) |
| 11:56 | Crear | Villager (Male) |
| 12:03 | Construir | Blacksmith |
| 12:22 | Construir | Palisade Wall |
| 12:23 | Construir | Palisade Wall |
| 12:34 | Crear | Villager (Male) |
| 12:34 | Crear | Villager (Male) |
| 12:34 | Crear | Villager (Male) |
| 12:34 | Crear | Villager (Male) |
| 12:39 | Construir | House |
| 12:49 | Construir | Watch Tower |
| 12:56 | Investigar | Fletching |
| 12:56 | Investigar | Fletching |
| 12:57 | Crear | Villager (Male) |
| 13:02 | Construir | Watch Tower |
| 13:07 | Construir | House |
| 13:08 | Construir | House |
| 13:43 | Construir | Farm |
| 13:43 | Construir | Farm |
| 13:44 | Construir | Farm |
| 14:29 | Crear | Villager (Male) |
| 14:29 | Crear | Villager (Male) |
| 14:30 | Crear | Villager (Male) |
| 14:32 | Construir | Farm |
| 14:39 | Construir | Stone Wall |
| 14:45 | Construir | Watch Tower |
| 14:47 | Crear | Villager (Male) |
| 14:47 | Crear | Villager (Male) |
| 15:09 | Construir | Palisade Wall |
| 15:18 | Crear | Villager (Male) |
| 15:19 | Crear | Villager (Male) |
| 15:19 | Crear | Villager (Male) |
| 15:21 | Construir | Farm |
| 15:24 | Construir | Farm |
| 15:54 | Crear | Militia |
| 16:01 | Crear | Villager (Male) |
| 16:01 | Crear | Villager (Male) |
| 16:01 | Crear | Villager (Male) |
| 16:04 | Construir | Farm |
| 16:05 | Construir | Farm |
| 16:27 | Crear | Villager (Male) |
| 16:34 | Construir | Archery Range |
| 16:45 | Crear | Villager (Male) |
| 16:45 | Crear | Villager (Male) |
| 16:49 | Construir | House |
| 16:50 | Construir | House |
| 16:58 | Construir | Farm |
| 17:06 | Construir | Watch Tower |
| 17:12 | Construir | Watch Tower |
| 17:22 | Construir | Archery Range |
| 17:29 | Crear | Villager (Male) |
| 17:50 | Construir | Stone Wall |
| 18:02 | Construir | Palisade Wall |
| 18:11 | Crear | Skirmisher |
| 18:11 | Crear | Skirmisher |
| 18:11 | Crear | Skirmisher |
| 18:19 | Investigar | Padded Archer Armor |
| 18:19 | Investigar | Padded Archer Armor |
| 18:20 | Crear | Villager (Male) |
| 18:20 | Crear | Villager (Male) |
| 18:21 | Crear | Villager (Male) |
| 18:21 | Crear | Villager (Male) |
| 18:24 | Crear | Villager (Male) |
| 18:24 | Crear | Villager (Male) |
| 18:25 | Construir | Farm |
| 18:43 | Crear | Militia ×2 |
| 18:43 | Crear | Militia ×3 |
| 18:57 | Crear | Skirmisher |
| 19:37 | Crear | Skirmisher |
| 19:37 | Crear | Skirmisher |
| 19:45 | Crear | Villager (Male) |
| 19:45 | Crear | Villager (Male) |
| 19:45 | Crear | Villager (Male) |
| 19:45 | Crear | Villager (Male) |
| 19:46 | Crear | Villager (Male) |
| 19:50 | Construir | House |
| 19:51 | Construir | House |
Cronología de la partida
| 5:11 | 酒后帝国 · first_building Barracks |
| 7:14 | HR | Nasho9 · first_building Barracks |
| 7:40 | HR | Nasho9 · wall_segment Palisade Wall x8 |
| 7:56 | HR | Nasho9 · wall_segment Palisade Wall x1 |
| 8:00 | HR | Nasho9 · wall_segment Palisade Wall x1 |
| 8:55 | HR | Nasho9 · age_up feudal |
| 8:55 | 酒后帝国 · age_up feudal |
| 9:06 | HR | Nasho9 · first_building Archery Range |
| 9:21 | 酒后帝国 · wall_segment Stone Wall x1 |
| 12:22 | 酒后帝国 · wall_segment Palisade Wall x2 |
| 12:23 | 酒后帝国 · wall_segment Palisade Wall x2 |
| 14:39 | 酒后帝国 · wall_segment Stone Wall x10 |
| 15:09 | 酒后帝国 · wall_segment Palisade Wall x1 |
| 16:34 | 酒后帝国 · first_building Archery Range |
| 17:50 | 酒后帝国 · wall_segment Stone Wall x1 |
| 18:02 | 酒后帝国 · wall_segment Palisade Wall x1 |
| 24:21 | 酒后帝国 · wall_segment Stone Wall x3 |
| 24:27 | HR | Nasho9 · first_building Stable |
| 25:57 | 酒后帝国 · first_building Stable |
| 29:11 | HR | Nasho9 · first_market_sell 100 wood |
| 29:13 | HR | Nasho9 · first_market_buy 100 food |
| 29:27 | 酒后帝国 · age_up castle |
| 30:05 | 酒后帝国 · wall_segment Palisade Wall x1 |
| 31:09 | 酒后帝国 · wall_segment Palisade Wall x1 |
| 31:10 | 酒后帝国 · wall_segment Palisade Wall x1 |
| 31:13 | 酒后帝国 · wall_segment Palisade Wall x1 |
| 31:32 | 酒后帝国 · first_market_buy 100 food |
| 31:56 | HR | Nasho9 · age_up castle |
| 32:08 | HR | Nasho9 · wall_segment Palisade Wall x1 |
| 32:15 | HR | Nasho9 · resign |
[ ANÁLISIS IA · 1 CRÉDITO ]
¿Qué pasó realmente en esta partida?
Wolo.gg analiza cada decisión: build order, eco, micro, errores típicos por bracket. Análisis personalizado por WhatsApp o Discord en 30 segundos.
Guía civ
Britanos
Perfil
Jugador #316458